 Dungeon Crawl Stone Soup version 0.17-a0-1435-geafbe2f (webtiles) character file.

5259 panicbit the Cleaver (level 10, -13/88 HPs)
             Began as a Minotaur Fighter on June 26, 2015.
             Was an Elder of Okawaru.
             Mangled by an ogre
             ... wielding a +0 giant club
              (23 damage)
             ... on level 9 of the Dungeon.
             The game lasted 00:32:32 (8270 turns).

panicbit the Cleaver (Minotaur Fighter)             Turns: 8270, Time: 00:32:32

Health: -13/88     AC: 14    Str: 21    XL:     10   Next: 36%
Magic:  8/10       EV: 14    Int:  5    God:    Okawaru [****..]
Gold:   103        SH: 14    Dex: 13    Spells: 0 memorised, 9 levels left

rFire  . . .     SeeInvis .     x - +0 war axe
rCold  . . .     Clarity  .     i - +0 chain mail
rNeg   + . .     SustAt   .     D - +0 shield
rPois  .         Gourm    .     (helmet restricted)
rElec  .         Spirit   .     m - +0 cloak
rCorr  .         Warding  +     (no gloves)
rMut   .         Stasis   .     (no boots)
MR     .....                    L - amulet of warding
Stlth  +.........               t - ring of stealth
                                (no ring)

@: heroism, not resistant to hostile enchantments, very unstealthy
A: retaliatory headbutt, horns 2
a: Heroism, Renounce Religion


You were on level 9 of the Dungeon.
You worshipped Okawaru.
Okawaru was greatly pleased with you.
You were not hungry.

You visited 2 branches of the dungeon, and saw 11 of its levels.

You collected 438 gold pieces.
You spent 335 gold pieces at shops.

Inventory:

Hand weapons
 x - a +0 war axe (weapon)
 F - a +0 flail
Armour
 i - a +0 chain mail (worn)
 m - a +0 cloak (worn)
 D - a +0 shield (worn)
Jewellery
 r - an uncursed ring of fire
 t - a ring of stealth (right hand)
 I - the ring of Fragile Peace {*Confuse rPois rN+ MR+}
   (You bought it in a shop on level 8 of the Dungeon)

   [ring of protection from magic]

   It protects you from poison.
   It protects you from negative energy.
   It affects your resistance to hostile enchantments.
   It may confuse you when you take damage.
 K - an uncursed amulet of clarity
 L - an amulet of warding (around neck)
Magical devices
 p - a wand of slowing (26)
 u - a wand of frost (24)
 G - a wand of draining (9)
Scrolls
 a - 3 scrolls of identify
 g - a scroll of random uselessness
 h - 2 scrolls of recharging
 n - 8 scrolls of fog
 w - a scroll of enchant armour
 y - 2 scrolls of magic mapping
 A - 2 scrolls of amnesia
 B - a scroll of enchant weapon
 C - 4 scrolls of teleportation
 E - a scroll of fear
 J - 2 scrolls of torment {unknown}
Potions
 b - a potion of agility {unknown}
 c - a potion of poison {unknown}
 f - 2 potions of brilliance
 j - 3 potions of haste {unknown}
 l - 2 potions of invisibility {unknown}
 o - a potion of degeneration {unknown}
 q - 4 potions of curing
 s - 2 potions of heal wounds {unknown}
 z - 2 potions of magic {unknown}
 H - 2 potions of lignification {unknown}
Comestibles
 d - 3 meat rations
 e - 4 bread rations
 k - 13 royal jellies
 v - 2 beef jerkies
 M - 3 chunks of flesh


   Skills:
 + Level 7.8(12.8) Fighting
 + Level 9.7(14.7) Axes
 + Level 8.1(13.1) Armour
 + Level 7.1(12.1) Dodging
 + Level 1.5(6.5) Stealth
 + Level 9.7(14.7) Shields
 + Level 1.4 Invocations


You had 9 spell levels left.
You didn't know any spells.

Dungeon Overview and Level Annotations

Branches:
Dungeon (10/15)            Temple (1/1) D:5
   Lair: D:8-11         Orc: D:9-12

Altars:
Ashenzari
Cheibriados
Dithmenos
Elyvilon
Fedhas
Gozag
Kikubaaqudgha
Makhleb
Nemelex Xobeh
Okawaru
Qazlal
Ru
Sif Muna
Trog
Vehumet
Xom
Yredelemnul
Zin
The Shining One

Shops:
D:4 ?   D:8 *(

Annotations:
D:10 urechis's ghost, experienced TeGl


Innate Abilities, Weirdness & Mutations

You reflexively headbutt those who attack you in melee.
You have a pair of horns on your head.


Message History

The orc priest calls down the wrath of Beogh upon something.
Something smites you!
* * * LOW HITPOINT WARNING * * *
Found a scroll of teleportation.
Found an escape hatch in the floor.
There is a stone staircase leading up here.
You don't know any spells.
The ogre hits you with a giant club!
* * * LOW HITPOINT WARNING * * *
You climb upwards.
There is a stone staircase leading down here.
Use which ability? (? or * to list)
You gain the combat prowess of a mighty hero.
You feel slightly more hungry. You block the ogre's attack.
You slash the ogre!
The ogre is moderately wounded.
You hit the ogre.
The ogre is heavily wounded.
The ogre hits you with a giant club!!
You die...

#.# #.#
#.##########.#
#............#
#.############
########.#
.........#
########.###########
#............#
#........O@..#
#.##########.# #.#
#.# #.# #.#
#####.##########.#
#................#
#.###.##########.#
#.# #.# #<# #.# #.#
#.#


You could see an ogre.

Vanquished Creatures
  Erolcha (D:9)
  A wyvern (D:10)
  Sigmund (D:4)
  Eustachio (D:4)
  A hungry ghost (D:8)
  A hippogriff (D:8)
  3 ice beasts
  An orc warrior (D:10)
  2 sky beasts
  2 ogres (D:5)
  A phantom (D:6)
  2 centaurs
  A necrophage (D:9)
  3 giant frogs
  16 big kobolds
  A scorpion (D:9)
  5 crimson imps
  2 hounds
  A centaur zombie (D:6)
  A gnoll shaman (D:6)
  6 orc priests
  An iguana (D:8)
  4 jellies
  12 orc wizards
  7 worker ants
  A hound zombie (D:6)
  2 worker ant zombies (D:6)
  A hound skeleton (D:8)
  11 adders
  7 gnolls
  2 shadow imps
  8 oozes
  An adder zombie (D:5)
  2 adder skeletons
  A worm (D:2)
  2 giant geckos
  32 orcs
  3 ball pythons
  7 giant cockroaches
  14 hobgoblins
  7 jackals
  2 quokkas
  12 bats
  6 giant newts
  12 goblins
  38 kobolds
  2 quokka zombies
  18 rats
268 creatures vanquished.

Notes
Turn   | Place    | Note
--------------------------------------------------------------
     0 | D:1      | panicbit the Minotaur Fighter began the quest for the Orb.
     0 | D:1      | Reached XP level 1. HP: 19/19 MP: 0/0
    70 | D:1      | Reached XP level 2. HP: 22/27 MP: 1/1
   179 | D:1      | Reached skill level 4 in Fighting
   605 | D:2      | Reached XP level 3. HP: 33/33 MP: 2/2
   676 | D:2      | Reached skill level 1 in Dodging
  1559 | D:3      | Reached XP level 4. HP: 40/40 MP: 3/3
  2199 | D:4      | Found an opulent altar of Gozag.
  2241 | D:4      | Noticed Eustachio
  2274 | D:4      | Killed Eustachio
  2274 | D:4      | Reached skill level 5 in Armour
  2274 | D:4      | Reached XP level 5. HP: 32/47 MP: 4/4
  2280 | D:4      | Found Cam Xuv's Magic Scroll Shoppe.
  2293 | D:4      | Bought a scroll of teleportation for 30 gold pieces
  2293 | D:4      | Bought a scroll of identify for 20 gold pieces
  2293 | D:4      | Bought a scroll of noise for 10 gold pieces
  2293 | D:4      | Bought a scroll of fog for 20 gold pieces
  2293 | D:4      | Bought a scroll of identify for 20 gold pieces
  2293 | D:4      | Bought a scroll of amnesia for 35 gold pieces
  2293 | D:4      | Bought a scroll of fear for 35 gold pieces
  2511 | D:4      | Reached skill level 5 in Fighting
  2691 | D:4      | Reached XP level 6. HP: 50/56 MP: 5/5
  3156 | D:4      | Found a shimmering altar of Xom.
  3156 | D:4      | Found a sacrificial altar of Ru.
  3231 | D:4      | Noticed Sigmund
  3241 | D:4      | Killed Sigmund
  3241 | D:4      | Reached skill level 5 in Shields
  3241 | D:4      | Reached XP level 7. HP: 54/61 MP: 6/6
  3312 | D:5      | Entered Level 5 of the Dungeon
  3332 | D:5      | Found a staircase to the Ecumenical Temple.
  3340 | Temple   | Entered the Ecumenical Temple
  3511 | D:5      | Found an iron altar of Okawaru.
  3513 | D:5      | Reached skill level 6 in Armour
  3533 | D:5      | Became a worshipper of Warmaster Okawaru
  3586 | D:5      | Reached skill level 5 in Axes
  3783 | D:5      | Got a twisted ring mail
  3794 | D:5      | Identified the cursed +0 ring mail of Impressiveness {rF- rN+ Int+3 Dex+3} (You found it on level 5 of the Dungeon)
  4111 | D:5      | Found a burning altar of Makhleb.
  4287 | D:6      | Acquired Okawaru's first power
  4287 | D:6      | Reached XP level 8. HP: 51/70 MP: 7/7
  4418 | D:6      | Found a shadowy altar of Dithmenos.
  4752 | D:6      | Reached skill level 5 in Dodging
  4960 | D:6      | Reached skill level 1 in Invocations
  5103 | D:6      | Reached skill level 7 in Shields
  5442 | D:7      | Found a glowing silver altar of Zin.
  5660 | D:7      | Reached XP level 9. HP: 70/78 MP: 8/8
  6007 | D:7      | Found a basalt altar of Yredelemnul.
  6018 | D:7      | Found an ancient bone altar of Kikubaaqudgha.
  6171 | D:8      | Got a sparkling golden ring
  6173 | D:8      | Identified the cursed ring "Pacufil" {rC++ EV-3 Stlth-} (You found it on level 8 of the Dungeon)
  6225 | D:8      | Reached skill level 1 in Stealth
  6584 | D:8      | Found Heerghuob's Assorted Antiques.
  6592 | D:8      | Bought a shimmering silver ring for 165 gold pieces
  6592 | D:8      | Identified the ring of Fragile Peace {*Confuse rPois rN+ MR+} (You bought it in a shop on level 8 of the Dungeon)
  6605 | D:8      | Found Acaacri's Antique Weapon Shoppe.
  6862 | D:8      | Reached skill level 8 in Shields
  7200 | D:8      | Reached skill level 9 in Shields
  7519 | D:9      | Noticed Erolcha
  7546 | D:9      | Killed Erolcha
  7546 | D:9      | Reached XP level 10. HP: 63/86 MP: 7/10
  8129 | D:10     | Entered Level 10 of the Dungeon
  8141 | D:10     | Found a sparkling altar of Nemelex Xobeh.
  8248 | D:10     | Noticed an orc knight
  8250 | D:10     | Noticed urechis's ghost (experienced TeGl)
  8270 | D:9      | Mangled by an ogre

Vault maps used:
D:1:      dpeg_arrival_tiny_k
D:3:      serial_glass, glass_columns_c, glass_columns_c, glass_columns_a,
          glass_columns_b, minmay_strange_pillars, feat_on_display,
          due_unseen_surprise
D:4:      gammafunk_temple_overflow_wave, first_bread, serial_shops,
          nicolae_shop_statue_plus, grunt_gozag_breadcrumbs, uniq_eustachio,
          uniq_sigmund
D:5:      okawaru_gym_becter, lightli_temple_of_fire,
          minmay_temple_entry_glassed_door
D:6:      basic_altar
D:7:      zin_treasury, amethyst_overflow_temple_binary, grunt_ministairs_7
D:8:      serial_shops, shop, nicolae_shop_overgrown_old_shop, special_room
D:9:      hangedman_little_slice_of_home, uniq_erolcha
D:10:     david_orc_5, basic_altar, nicolae_straight_to_the_point, uniq_snorg
Temple:   circular_temple_12

Action                   |  1- 3 |  4- 6 |  7- 9 | 10-12 || total
-------------------------+-------+-------+-------+-------++-------
Melee: War axe           |    97 |   103 |   502 |    96 ||   798
Invok: Heroism           |       |       |     4 |     1 ||     5
  Use: Scroll            |       |     4 |     4 |       ||     8
       Potion            |       |     4 |       |       ||     4
 Stab: Distracted        |       |       |     1 |       ||     1
       Sleeping          |       |       |     1 |       ||     1
  Eat: Chunk             |     2 |     5 |    12 |       ||    19
       Fruit             |       |       |     8 |       ||     8
